 Dungeon Sprint DCSS version 0.26.1-2-gb8aa6d0cf2 (webtiles) character file.

Game seed: 12876115592612188232

86 Groucho the Covert (level 4, -1/20 (23) HPs)
             Began as a Spriggan Enchanter on Feb 23, 2021.
             Slain by a necrophage (5 damage)
             ... in the Dungeon (Sprint II: "The Violet Keep of Menkaure").
             The game lasted 00:00:35 (39 turns).

Groucho the Covert (Spriggan Enchanter)               Turns: 39, Time: 00:00:36

HP:   -1/20 (23)    AC:  2    Str:  5    XL:     4   Next: 27%
MP:   6/11          EV: 21    Int: 16    God:
Gold: 0             SH:  0    Dex: 16    Spells: 11/12 levels left

rFire    . . .     SeeInvis +   a - +1 dagger
rCold    . . .     Faith    .   (shield restricted)
rNeg     . . .     Spirit   .   b - +0 robe
rPois    .         Reflect  .   (helmet restricted)
rElec    .         Harm     .   (no cloak)
rCorr    .         Rampage  .   (gloves unavailable)
Will     .....     NoTele   +   (boots unavailable)
Stlth    ++++......             (no amulet)
HPRegen  0.06/turn              (no ring)
MPRegen  0.12/turn              (no ring)

@: berserk cooldown, hasted and slowed, heavily drained, very quick
A: very small, unfitting armour, see invisible, speed 3
a: no special abilities


You were in the Dungeon.
You visited 1 branch

Inventory:

Hand Weapons
 a - a +1 dagger (weapon)
Armour
 b - a +0 robe (worn)
Scrolls
 i - a scroll of blinking
Potions
 d - a potion of curing
 e - a potion of heal wounds
 g - 2 potions of magic


   Skills:
 + Level 2.3 Fighting
 + Level 3.5 Short Blades
 + Level 5.4 Dodging
 * Level 8.3 Stealth
 + Level 4.6 Spellcasting
 + Level 5.2 Hexes


You had 11 spell levels left.
You knew the following spells:

 Your Spells              Type           Power        Failure   Level
a - Corona                Hex            22%          1%          1

Your spell library contained the following spells:

 Spells                   Type           Power        Failure   Level
 Confusing Touch          Hex            20%          5%          3
 Tukima's Dance           Hex            20%          5%          3
 Ensorcelled Hibernation  Hex/Ice        24%          9%          2
 Dazzling Flash           Conj/Hex       24%          16%         3


Dungeon Overview and Level Annotations

Branches:
Dungeon (1/1)

Altars:


Innate Abilities, Weirdness & Mutations

You are very small and have problems with some larger weapons.
You are too small for most types of armour.
You have supernaturally acute eyesight. (SInv)
You cover ground extremely quickly.


Message History

The necrophage is lightly damaged.
The necrophage closely misses you.
You closely miss the necrophage.
The necrophage is lightly damaged.
The necrophage completely misses you.
You hit the necrophage.
The necrophage is moderately damaged.
Unknown command.
Unknown command.
You closely miss the necrophage.
The necrophage is moderately damaged.
The necrophage hits you.
* * * LOW HITPOINT WARNING * * *
You feel drained.
* * * LOW HITPOINT WARNING * * *
Unknown command.
You hit the necrophage.
The necrophage is moderately damaged.
The necrophage hits you.
You die...

## ## ##. .##
.B B. $#. #
#+# .##
####.##...#
#$+.<@n#
#.w.##.##nn.#
##w #+# .## #
.$. # ..#m.
##. .## ## ##


You could see 3 necrophages.

Vanquished Creatures
  A necrophage (D)
1 creature vanquished.

Notes
Turn   | Place    | Note
-------+----------+-------------------------------------------
     0 | D        | Groucho the Spriggan Enchanter began the quest for the Orb.
     0 | D        | Reached XP level 1. HP: 9/9 MP: 5/5
     5 | D        | Noticed a merfolk siren
     9 | D        | Noticed a boulder beetle
     9 | D        | Noticed a boulder beetle
    13 | D        | Noticed a necrophage
    13 | D        | Noticed a necrophage
    13 | D        | Noticed a necrophage
    13 | D        | Noticed a necrophage
    31 | D        | Killed a necrophage
    32 | D        | Reached skill level 5 in Dodging
    32 | D        | Reached skill level 8 in Stealth
    32 | D        | Reached skill level 5 in Hexes
    32 | D        | Reached XP level 2. HP: 10/16 MP: 5/8
    32 | D        | Reached XP level 3. HP: 13/19 MP: 6/10
    32 | D        | Reached XP level 4. HP: 15/23 MP: 6/11
    39 | D        | Slain by a necrophage

Illustrated notes

Levels and vault maps discovered:
D:        the_violet_keep_of_menkaure [sprint2_stairs_cluster_1,
          sprint2_shoproom, sprint2_temple, sprint2_basic_supplies,
          sprint2_obstacle_1, sprint2_obstacle_7, sprint2_obstacle_6,
          sprint2_obstacle_3, sprint2_obstacle_4, sprint2_timed_cluster_1,
          sprint2_smallroom_cluster_1, sprint2_smallroom_final_cluster_1,
          sprint2_transparent_cluster_1, sprint2_second_timed_cluster_1,
          sprint2_sniper_area_1, sprint2_heavy_combat_area_1,
          sprint2_mutation_trap_area_1, sprint2_forest_area_1,
          sprint2_light_combat_area_1, sprint2_behind_water_1,
          sprint2_near_end_vault_1]

Skill      XL: |  1 |
---------------+----+-----
Fighting       | 2 |  2.3
Short Blades   | 3 |  3.5
Dodging        | 5 |  5.4
Stealth        | 8 |  8.3
Spellcasting   | 4 |  4.6
Hexes          | 5 |  5.2

Action                   |  1- 3 |  4- 6 || total
-------------------------+-------+-------++-------
Melee: Dagger            |    17 |     7 ||    24
  Use: Potion            |     1 |     1 ||     2
Dodge: Dodged            |    10 |     4 ||    14
